Match 46551069
Unlisted

Match 46551069
End
Construct Section Command Post
Vickers Machine Gun Team
Infantry Section
Infantry Section
Selects Air and Sea Battlegroup
Selects Air and Sea Battlegroup
ML 3-inch Mortar Team
Construct Platoon Command Post
6-pounder Anti-tank Gun Team
Selects Commando Section Paradrop
Selects M1 Pack Howitzer Paradrop
Unlock Bishop Self-propelled Artillery
Bishop Self-propelled Artillery
Commando Section Paradrop
CMP 15cwt Truck
Construct Field Infirmary
Selects Incendiary Bombing Run
Bishop Self-propelled Artillery
Royal Engineer Section
Incendiary Bombing Run
Commando Section Paradrop
Construct Company Command Post
Incendiary Bombing Run
Selects Supply Surplus
Selects UNKNOWN (223837)
Foot Guards Section
Incendiary Bombing Run
Unlock Towed 17-pounder Anti-tank Guns
ICH BIN SCHNAPPI
DugIronbeard
Sad Pepe
gio_misro
0
0

Comments sign in to comment!

No comments posted yet!